AoeStats
← meditator27

Socotra

504400225Analyzed
4v4 RM · 26d ago on Sep 5, 2026· 31m 23s· 8 players
Game mode
Random Map
Map size
148×148
Population
200
Speed
Normal
Resources
Standard
Victory
Conquest
Starting age
Dark Age
Ending age
Imperial Age
RankedLock teamsTeams togetherTeam positionsShared explorationLock speedFull tech treeHidden civsTurbo modeCheats
Victory
Defeat
🇦🇷 Persians · Argentina
1159
+15
🇲🇽 Koreans · Mexico
1139
+16
🇺🇸 Saracens · United States
1117
+17
1111
+17
🇭🇰 Khmer · Hong Kong SAR China
1182
-18
🇹🇼 Ethiopians · Taiwan
1179
-17
1148
-17
1059
-13
meditator27
9:25 Feudal Age
10:18 Double-Bit Axe
12:31 Loom
13:08 Fletching
15:01 Horse Collar
22:43 Castle Age
21:16 Padded Archer Armor
22:48 Crossbowman
23:27 Bodkin Arrow
24:15 Bow Saw
25:47 Wheelbarrow
28:20 Ballistics
31:13 Gold Mining
帝国雷
10:54 Feudal Age
16:25 Loom
19:44 Castle Age
21:14 Double-Bit Axe
21:13 Horse Collar
23:25 Heavy Plow
23:38 Bow Saw
Thiếu Tá Võ Nguyên GIáp
2:06 Loom
12:44 Feudal Age
14:17 Wheelbarrow
13:29 Double-Bit Axe
23:09 Castle Age
21:17 Stone Mining
21:21 Horse Collar
22:13 Padded Archer Armor
22:10 Gold Mining
如果智慧有颜色
0:35 Loom
15:10 Feudal Age
20:16 Horse Collar
20:31 Double-Bit Axe
24:54 Wheelbarrow
27:20 Castle Age
27:26 Scale Mail Armor
27:37 Forging
27:38 Pikeman
28:18 Squires
Tribal4468
1:01 Loom
11:11 Feudal Age
15:04 Double-Bit Axe
17:18 Bloodlines
22:40 Castle Age
20:45 Stone Mining
21:11 Gold Mining
21:03 Horse Collar
22:56 Forging
29:47 Wheelbarrow
30:11 Iron Casting
romore
3:12 Loom
12:02 Feudal Age
21:57 Castle Age
21:23 Stone Mining
21:28 Double-Bit Axe
25:39 Fletching
INKAS | Spadasangrienta
6:51 Loom
9:08 Feudal Age
11:12 Double-Bit Axe
12:32 Horse Collar
21:01 Castle Age
19:53 Gold Mining
20:09 Scale Barding Armor
20:16 Bloodlines
22:10 Husbandry
24:07 Wheelbarrow
25:13 Chain Barding Armor
27:52 Hand Cart
GranateCampeón
1:00 Loom
11:07 Feudal Age
12:11 Horse Collar
13:36 Double-Bit Axe
22:24 Castle Age
20:19 Gold Mining
21:46 Wheelbarrow
21:21 Stone Mining
23:08 Town Watch
26:00 Bow Saw
27:05 Heavy Plow
27:44 Gold Shaft Mining
31:59 Stone Shaft Mining
Connection lost

Rejoining the realm…

Still unreachable

The connection could not be restored.

Session expired

The server has moved on; the page needs a fresh start.